 Dungeon Crawl Stone Soup version 0.28.0-53-g5a82cb258f (webtiles) character file.

Game seed: 7922985043530856277

16 vvl the Insei (level 2, -8/18 HPs)
             Began as an Octopode Transmuter on Aug 1, 2022.
             Mangled by a gnoll
             ... wielding a +0 halberd
              (12 damage)
             ... on level 2 of the Dungeon.
             The game lasted 00:02:18 (1177 turns).

vvl the Insei (Octopode Transmuter)                 Turns: 1177, Time: 00:02:18

Health: -8/18      AC:  1    Str:  9    XL:     2   Next: 54%
Magic:  4/5        EV: 13    Int: 15    God:
Gold:   38         SH:  0    Dex: 12    Spells: 4/5 levels left

rFire   . . .      SeeInvis .     - Unarmed
rCold   . . .      Faith    .   (no shield)
rNeg    . . .      Spirit   .   (helmet currently unavailable)
rPois   .          Reflect  .   (no amulet)
rElec   .          Harm     .   (no ring)
rCorr   .          Rampage  .   (no ring)
Will    .....                   (no ring)
Stlth   ++........              (no ring)
HPRegen 0.06/turn               (no ring)
MPRegen 0.09/turn               (no ring)
                                (no ring)
                                (no ring)

@: appendages
A: tentacle spike 3, almost no armour, amphibious, 8 rings, camouflage 1,
gelatinous body 1, (nimble swimmer 1), tentacles
a: End Transformation


You were on level 2 of the Dungeon.
One of your tentacles had grown a beastly spike.
You visited 1 branch of the dungeon, and saw 2 of its levels.

You collected 38 gold pieces.

Inventory:

Potions
 a - a potion of degeneration {unknown}
 b - a potion of mutation {unknown}
 c - a potion of ambrosia {unknown}
 d - a potion of heal wounds {unknown}
 e - a potion of curing {unknown}


   Skills:
 + Level 1.3 Fighting
 + Level 2.2 Dodging
 + Level 3.1 Unarmed Combat
 + Level 2.1 Spellcasting
 + Level 2.2 Transmutations
 + Level 0.4 Poison Magic


You had 4 spell levels left.
You knew the following spells:

 Your Spells              Type           Power      Damage    Failure   Level
a - Beastly Appendage     Tmut           16%        N/A       9%          1

Your spell library contained the following spells:

 Spells                   Type           Power      Damage    Failure   Level
 Wereblood                Tmut           8%         N/A       14%         2
 Spider Form              Tmut/Pois      5%         N/A       36%         3
 Ice Form                 Ice/Tmut       4%         N/A       80%         4


Dungeon Overview and Level Annotations

Branches:
Dungeon (2/15)

Altars:

Shops:
D:2 !


Innate Abilities, Weirdness & Mutations

One of your tentacles has grown a beastly spike.
You cannot wear most types of armour.
You are amphibious.
You can wear up to eight rings at the same time.
Your skin changes colour to match your surroundings (Stealth+).
Your rubbery body absorbs attacks. (AC +1, EV +1)
((You are camouflaged when in or above water. (Stealth+)))
You have tentacles for arms and can constrict up to eight enemies at once.


Message History

You are too injured to fight recklessly!
You tentacle-slap the quokka but do no damage.
You pierce the quokka.
You kill the quokka!
You tentacle-slap the rat but do no damage.
You grab the rat.
You pierce the rat.
You kill the rat!
Your transformation is almost over.
You see here a rat corpse.
Magic restored.
Your tentacle spike disappears.
HP restored.
e - a glowing grey potion You open the door.
There is an open door here.
Found Iphofus's Distillery.
As you open the door, it creaks loudly!
There is an open door here. 2 gnolls come into view.
A gnoll comes into view. It is wielding a +0 halberd.
The gnoll shouts!
A gnoll comes into view. It is wielding a +0 whip.
One of your tentacles grows a vicious spike.
The gnoll shouts! x2
An endoplasm comes into view.
Your transformation is almost over.
There is an open door here.
Your tentacle spike disappears.
One of your tentacles grows a vicious spike.
The gnoll misses you.
The gnoll hits you from afar with a +0 spear.
The gnoll closely misses you.
You closely miss the gnoll. Your grab misses the gnoll.
The gnoll hits you from afar with a +0 spear.
The gnoll hits you with a +0 halberd!
Ouch! That really hurt!
* * * LOW HITPOINT WARNING * * *
The gnoll hits you from afar with a +0 halberd!
Ouch! That really hurt!
You die...

###########
###......##.#+# .#
###........##.#∩##
.. ..........+..####
.# #........###...#
.# #........'.@..##
.# #........####g#
.#####...........#g#
....##........##.#g#
....##...÷.....# #.#
..g.##....#+#..# #g#
....##..÷.#...<# #.#
....##....###### #.#
....##...... #.#


You could see a gnoll.

Vanquished Creatures
  3 bats (D:1)
  2 endoplasms (D:1)
  A goblin (D:1)
  2 hobgoblins (D:1)
  A quokka (D:2)
  2 frilled lizards (D:1)
  4 rats
15 creatures vanquished.

Notes
Turn   | Place    | Note
-------+----------+-------------------------------------------
     0 | D:1      | vvl the Octopode Transmuter began the quest for the Orb.
     0 | D:1      | Reached XP level 1. HP: 13/13 MP: 3/3
   338 | D:1      | Reached XP level 2. HP: 18/18 MP: 3/5
  1103 | D:2      | Found Iphofus's Distillery.
  1177 | D:2      | Mangled by a gnoll

Illustrated notes

Levels and vault maps discovered:
D:1:      lightli_arrival_statuegarden, layout_basic
D:2:      layout_basic, serial_shops, nicolae_shop_window_shopping

Action                   || total
-------------------------++-------
Melee: Unarmed           ||    33
       Constrict         ||    11
       Kick              ||    10
       Tentacles         ||     3
 Cast: Beastly Appendage ||    15
 Stab: Sleeping          ||     1
Armor: Skin              ||     9
Dodge: Dodged            ||    23
